 Dungeon Crawl Stone Soup version 0.26-a0-61-g6c07f0e (webtiles) character file.

Game seed: 7228204806023474817

2557 thirtiethelement the Shield-Bearer (level 9, -2/74 HPs)
             Began as a Gnoll Fighter on June 9, 2020.
             Was a Believer of Okawaru.
             Slain by Harold
             ... wielding a +0 scimitar
              (14 damage)
             ... on level 7 of the Dungeon.
             The game lasted 00:10:07 (5541 turns).

thirtiethelement the Shield-Bearer (Gnoll Fighter)  Turns: 5541, Time: 00:10:08

Health: -2/74      AC:  9    Str: 21    XL:     9   Next: 56%
Magic:  15/15      EV: 11    Int: 14    God:    Okawaru [**....]
Gold:   323        SH: 11    Dex: 14    Spells: 15/16 levels left

rFire    x . .     SeeInvis .   e - +2 trident of Hagaim {freeze, rElec rN+ MR+ Int+2}
rCold    + + .     Gourm    .   c - +0 kite shield
rNeg     + . .     Faith    .   b - +1 scale mail
rPois    .         Spirit   .   (helmet restricted)
rElec    +         Reflect  .   (no cloak)
rCorr    .         Harm     .   (no gloves)
MR       +....     Clarity  +   (no boots)
Stlth    +.........             r - amulet of regeneration
HPRegen  0.62/turn              i - ring of protection from cold
MPRegen  0.14/turn              n - ring of ice

@: marked
A: distributed training, fangs 1, hooves 1, horns 1, clarity, strong nose
a: Heroism, Renounce Religion


You were on level 7 of the Dungeon.
You worshipped Okawaru.
Okawaru was pleased with you.
You were not hungry.

You visited 1 branch of the dungeon, and saw 7 of its levels.

You collected 323 gold pieces.

Inventory:

Hand Weapons
 a - a +1 war axe
 e - the +2 trident of Hagaim (weapon) {freeze, rElec rN+ MR+ Int+2}
   (You found it on level 7 of the Dungeon)

   It has been specially enchanted to freeze those struck by it, causing extra
   injury to most foes and up to half again as much damage against particularly
   susceptible opponents.
   It can also slow down cold-blooded creatures.
   It affects your intelligence (+2).
   It insulates you from electricity.
   It protects you from negative energy.
   It affects your resistance to hostile enchantments.
Missiles
 h - 10 boomerangs (quivered)
Armour
 b - a +1 scale mail (worn)
 c - a +0 kite shield (worn)
 x - the +2 robe of Insatiable Hunger {Harm Stlth+}
   (You found it on level 6 of the Dungeon)

   It increases damage dealt and taken.
   It makes you more stealthy.
Jewellery
 i - a ring of protection from cold (left hand)
 k - a cursed ring of positive energy {unknown}
 n - a ring of ice (right hand)
 r - an amulet of regeneration (around neck)
 s - a +6 ring of dexterity {unknown}
Wands
 j - a wand of flame (8)
Scrolls
 q - 4 scrolls of teleportation
 u - 2 scrolls of remove curse
Potions
 d - 2 potions of might
 l - a potion of brilliance {unknown}
 m - 7 potions of curing
 o - 2 potions of cancellation
 p - a potion of stabbing {unknown}
 t - 3 potions of heal wounds
 w - a potion of resistance {unknown}
Comestibles
 f - 11 rations
 g - 6 chunks of flesh


   Skills:
 + Level 7.9 Fighting
 + Level 4.3 Short Blades
 + Level 4.3 Long Blades
 + Level 6.3 Axes
 + Level 4.3 Maces & Flails
 + Level 4.3 Polearms
 + Level 4.3 Staves
 + Level 4.3 Slings
 + Level 4.3 Bows
 + Level 4.3 Crossbows
 + Level 4.3 Throwing
 + Level 7.9 Armour
 + Level 4.3 Dodging
 + Level 4.3 Stealth
 + Level 7.9 Shields
 + Level 4.3 Unarmed Combat
 + Level 4.3 Spellcasting
 + Level 3.5 Conjurations
 + Level 3.5 Hexes
 + Level 3.5 Charms
 + Level 3.5 Summonings
 + Level 3.5 Necromancy
 + Level 3.5 Translocations
 + Level 3.5 Transmutations
 + Level 3.5 Fire Magic
 + Level 3.5 Ice Magic
 + Level 3.5 Air Magic
 + Level 3.5 Earth Magic
 + Level 3.5 Poison Magic
 + Level 4.7 Invocations
 + Level 4.3 Evocations


You had 15 spell levels left.
You knew the following spells:

 Your Spells              Type           Power        Failure   Level  Hunger
a - Corona                Hex            ##.....      26%         1    None

Your spell library contained the following spells:

 Spells                   Type           Power        Failure   Level  Hunger
 Ensorcelled Hibernation  Hex/Ice        ###...       36%         2    ##.....
 Confusing Touch          Hex            ##......     61%         3    ###....
 Dazzling Flash           Conj/Hex       ##....       61%         3    ###....
 Tukima's Dance           Hex            ##......     61%         3    ###....


Dungeon Overview and Level Annotations

Branches:
Dungeon (7/15)             Temple (0/1) D:5

Altars:
Cheibriados
Gozag
Makhleb
Nemelex Xobeh
Okawaru
Ru
Trog
Uskayaw
Wu Jian
Xom

Shops:
D:4 *

Annotations:
D:7 Harold


Innate Abilities, Weirdness & Mutations

Your experience applies equally to all skills.
You have very sharp teeth.
Your uncanny sense of smell can sniff out nearby items.
You have large cloven feet.
You have a pair of small horns on your head.
You possess an exceptional clarity of mind.


Message History

You are too injured to fight recklessly!
You are too injured to fight recklessly!
You are too injured to fight recklessly!
You are too injured to fight recklessly!
You hit Harold. You freeze Harold. You kick Harold.
Your headbutt misses Harold. You bite Harold, but do no damage.
Harold is severely wounded.
Harold gestures at you while chanting.
You barely resist. You hit Harold. You freeze Harold.
You kick Harold, but do no damage.
Harold is almost dead.
Harold barely misses you.
You puncture Harold! You freeze Harold. Your kick misses Harold.
Harold is almost dead.
Harold hits you with a +0 scimitar!!
* * * LOW HITPOINT WARNING * * *
You hit Harold but do no damage. Your kick misses Harold.
Harold is almost dead.
Harold hits you with a +0 scimitar!
You die...

#..# #..# #..#### ∆
#.....# #### ##.##.#
.|# ### #.##.# #.#
.... ##.##.#####.##
....#
...........#.#####...#
.#.#.....[......@@...#
.#.##)####...#####..##
......## #.(.# .%..
.###÷..###...# #### .#
#....##...#
.###....##...#
....>.#.##...#
.#.##.#.##...#
.#.##.#......# #


You could see Harold.

Vanquished Creatures
  Pikel (D:5)
  Grinder (D:5)
  Sigmund (D:3)
  A hungry ghost (D:7)
  Duvessa (D:4)
  2 ice beasts
  3 ogres
  2 phantoms (D:5)
  A centaur (D:7)
  2 bullfrogs
  Dowan (D:4)
  A scorpion (D:4)
  2 jellies (D:5)
  An orc priest (D:4)
  A hound (D:6)
  A bullfrog skeleton (D:6)
  7 worker ants
  A hound zombie (D:7)
  8 gnolls
  2 worker ant zombies
  A howler monkey skeleton (D:4)
  7 adders
  An ooze (D:3)
  An adder skeleton (D:6)
  2 worms
  2 dart slugs (D:1)
  A leopard gecko (D:1)
  6 orcs
  5 giant cockroaches
  9 goblins
  8 hobgoblins
  11 jackals
  3 quokkas
  A ball python (D:1)
  8 bats
  A frilled lizard (D:1)
  A giant cockroach zombie (D:6)
  A jackal zombie (D:5)
  5 kobolds
  A leopard gecko zombie (D:5)
  4 rats (D:2)
119 creatures vanquished.

Vanquished Creatures (others)
  A slave (D:5)
  A jelly (D:5)
2 creatures vanquished.

Grand Total: 121 creatures vanquished

Notes
Turn   | Place    | Note
-------+----------+-------------------------------------------
     0 | D:1      | thirtiethelement the Gnoll Fighter began the quest for the
                  | Orb.
     0 | D:1      | Reached XP level 1. HP: 23/23 MP: 1/1
    47 | D:1      | Reached XP level 2. HP: 27/29 MP: 2/2
   225 | D:1      | Found a sparkling altar of Nemelex Xobeh.
   233 | D:1      | Reached XP level 3. HP: 32/35 MP: 3/3
   935 | D:2      | Reached skill level 1 in Invocations
  1129 | D:2      | Reached skill level 1 in Short Blades
  1129 | D:2      | Reached skill level 1 in Long Blades
  1129 | D:2      | Reached skill level 1 in Maces & Flails
  1129 | D:2      | Reached skill level 1 in Polearms
  1129 | D:2      | Reached skill level 1 in Staves
  1129 | D:2      | Reached skill level 1 in Slings
  1129 | D:2      | Reached skill level 1 in Bows
  1129 | D:2      | Reached skill level 1 in Crossbows
  1129 | D:2      | Reached skill level 1 in Throwing
  1129 | D:2      | Reached skill level 1 in Dodging
  1129 | D:2      | Reached skill level 1 in Stealth
  1129 | D:2      | Reached skill level 1 in Unarmed Combat
  1129 | D:2      | Reached skill level 1 in Spellcasting
  1129 | D:2      | Reached skill level 1 in Evocations
  1129 | D:2      | Reached XP level 4. HP: 39/41 MP: 5/5
  1248 | D:2      | Found a shimmering altar of Xom.
  1248 | D:2      | Found a shimmering altar of Xom.
  1250 | D:2      | Found a shimmering altar of Xom.
  1250 | D:2      | Found a shimmering altar of Xom.
  1250 | D:2      | Found a shimmering altar of Xom.
  1251 | D:2      | Found a shimmering altar of Xom.
  1960 | D:3      | Reached skill level 1 in Conjurations
  1960 | D:3      | Reached skill level 1 in Hexes
  1960 | D:3      | Reached skill level 1 in Charms
  1960 | D:3      | Reached skill level 1 in Summonings
  1960 | D:3      | Reached skill level 1 in Necromancy
  1960 | D:3      | Reached skill level 1 in Translocations
  1960 | D:3      | Reached skill level 1 in Transmutations
  1960 | D:3      | Reached skill level 1 in Fire Magic
  1960 | D:3      | Reached skill level 1 in Ice Magic
  1960 | D:3      | Reached skill level 1 in Air Magic
  1960 | D:3      | Reached skill level 1 in Earth Magic
  1960 | D:3      | Reached skill level 1 in Poison Magic
  2101 | D:3      | Noticed Sigmund
  2103 | D:3      | Noticed an ogre
  2116 | D:3      | Killed Sigmund
  2116 | D:3      | Reached XP level 5. HP: 24/47 MP: 5/7
  2116 | D:3      | Reached XP level 6. HP: 27/53 MP: 5/8
  2120 | D:3      | Reached skill level 5 in Axes
  2305 | D:3      | Found a bloodstained altar of Trog.
  2818 | D:4      | Found an iron altar of Okawaru.
  2829 | D:4      | Became a worshipper of Warmaster Okawaru
  2905 | D:4      | Reached XP level 7. HP: 59/59 MP: 10/10
  3134 | D:4      | Noticed Duvessa
  3134 | D:4      | Noticed Dowan
  3147 | D:4      | Killed Duvessa
  3176 | D:4      | Killed Dowan
  3275 | D:4      | Found Heifoim's Lightly-Used Armoury.
  3692 | D:5      | Entered Level 5 of the Dungeon
  3721 | D:5      | Reached XP level 8. HP: 67/67 MP: 12/12
  3839 | D:5      | Reached * piety under Okawaru
  3928 | D:5      | Found a hide-covered altar of Uskayaw.
  3990 | D:5      | Noticed Pikel
  4008 | D:5      | Killed Pikel
  4008 | D:5      | Reached ** piety under Okawaru
  4008 | D:5      | Reached XP level 9. HP: 28/72 MP: 12/14
  4125 | D:5      | Noticed Grinder
  4126 | D:5      | Paralysed by Grinder for 2 turns
  4192 | D:5      | Killed Grinder
  4488 | D:5      | Found a staircase to the Ecumenical Temple.
  4644 | D:5      | Found a sacrificial altar of Ru.
  4920 | D:6      | Learned a level 1 spell: Corona
  5006 | D:6      | Found a snail-covered altar of Cheibriados.
  5072 | D:6      | Got a fabulously ornate robe
  5074 | D:6      | Identified the +2 robe of Insatiable Hunger {Harm Stlth+}
                  | (You found it on level 6 of the Dungeon)
  5080 | D:6      | Gained mutation: You have large cloven feet. [potion of
                  | mutation]
  5080 | D:6      | Gained mutation: You have a pair of small horns on your
                  | head. [potion of mutation]
  5080 | D:6      | Gained mutation: You possess an exceptional clarity of
                  | mind. [potion of mutation]
  5167 | D:6      | Found an opulent altar of Gozag.
  5281 | D:6      | Found a burning altar of Makhleb.
  5295 | D:6      | Found an ornate altar of the Wu Jian Council.
  5346 | D:7      | Found a sparkling altar of Nemelex Xobeh.
  5515 | D:7      | Got a jewelled trident
  5516 | D:7      | Identified the +2 trident of Hagaim {freeze, rElec rN+ MR+
                  | Int+2} (You found it on level 7 of the Dungeon)
  5520 | D:7      | Noticed Harold
  5541 | D:7      | Slain by Harold

Illustrated notes

Levels and vault maps discovered:
D:1:      psy_arrival_conway, layout_rooms, grunt_decor_resistance,
          grunt_decor_cap, minmay_misc_feat_doors,
          nemelex_xobeh_ov_fountains_minmay
D:2:      minmay_general_purpose_star, layout_basic, xom_redecorated
D:3:      layout_loops_ring, lightli_temple_of_fire, uniq_sigmund
D:4:      layout_loops_cross, old_standard_altar, minmay_shop_damaged,
          uniq_duvessa
D:5:      layout_loops_ring, eat_drink_and_be_merry_uskayaw,
          nicolae_overflow_hidden_temple, minmay_temple_entry_crystal_x,
          first_ration, uniq_grinder, uniq_pikel
D:6:      layout_loops_cross, nicolae_overflow_quartered_altars
D:7:      lemuel_ratsnest, layout_loops_ring, basic_altar, uniq_harold

Skill      XL: |  1  2  3  4  5  6  7  8  9 |
---------------+----------------------------+-----
Invocations    | 1 2 3 4 |  4.7
Short Blades   | 1 2 3 4 |  4.3
Long Blades    | 1 2 3 4 |  4.3
Maces & Flails | 1 2 3 4 |  4.3
Polearms       | 1 2 3 4 |  4.3
Staves         | 1 2 3 4 |  4.3
Slings         | 1 2 3 4 |  4.3
Bows           | 1 2 3 4 |  4.3
Crossbows      | 1 2 3 4 |  4.3
Throwing       | 1 2 3 4 |  4.3
Dodging        | 1 2 3 4 |  4.3
Stealth        | 1 2 3 4 |  4.3
Unarmed Combat | 1 2 3 4 |  4.3
Spellcasting   | 1 2 3 4 |  4.3
Evocations     | 1 2 3 4 |  4.3
Conjurations   | 1 2 3 |  3.5
Hexes          | 1 2 3 |  3.5
Charms         | 1 2 3 |  3.5
Summonings     | 1 2 3 |  3.5
Necromancy     | 1 2 3 |  3.5
Translocations | 1 2 3 |  3.5
Transmutations | 1 2 3 |  3.5
Fire Magic     | 1 2 3 |  3.5
Ice Magic      | 1 2 3 |  3.5
Air Magic      | 1 2 3 |  3.5
Earth Magic    | 1 2 3 |  3.5
Poison Magic   | 1 2 3 |  3.5
Axes           | 5 6 |  6.3
Fighting       | 7 |  7.9
Armour         | 7 |  7.9
Shields        | 7 |  7.9

Action                   |  1- 3 |  4- 6 |  7- 9 || total
-------------------------+-------+-------+-------++-------
Melee: War axe           |    84 |    85 |   201 ||   370
       Bite              |     6 |     8 |    31 ||    45
       Trident           |       |       |    21 ||    21
       Kick              |       |       |    14 ||    14
       Headbutt          |       |       |    11 ||    11
Throw: Boomerang         |       |       |    28 ||    28
Evoke: Wand              |       |       |     2 ||     2
  Use: Scroll            |       |     8 |     9 ||    17
       Potion            |       |       |     2 ||     2
 Stab: Distracted        |       |       |     1 ||     1
  Eat: Chunk             |     1 |     5 |    12 ||    18
Armor: Scale mail        |    38 |    24 |    55 ||   117
Dodge: Dodged            |    33 |    26 |    87 ||   146
Block: Kite shield       |    47 |    42 |   152 ||   241

Table legend:
 A = Non-vault XP
 B = Vault XP
 C = Vault XP percentage of total XP
 D = Non-vault monster count
 E = Vault monster count
 F = Vault count percentage of total count
                 A         B        C        D         E       F
            +---------+---------+-------+---------+---------+-------
      Total |    2282 |    1371 |  37.5 |     114 |       6 |   5.0
            +---------+---------+-------+---------+---------+-------
        D:1 |      54 |       0 |   0.0 |      27 |       0 |   0.0
        D:2 |      29 |      15 |  34.1 |      12 |       1 |   7.7
        D:3 |     216 |     208 |  49.1 |      17 |       1 |   5.6
        D:4 |     415 |     230 |  35.7 |      18 |       2 |  10.0
        D:5 |     835 |     918 |  52.4 |      19 |       2 |   9.5
        D:6 |     164 |       0 |   0.0 |      10 |       0 |   0.0
        D:7 |     569 |       0 |   0.0 |      11 |       0 |   0.0
            +---------+---------+-------+---------+---------+-------
